Map: World of Sleepers LE

Players

Crocodile - Winner!

  • Race: Zerg Zerg
  • League: Master
  • Spawn Location: 7:00

OldGreg

  • Race: Protoss Protoss
  • League: Diamond
  • Spawn Location: 1:00

VOD

Have the link to the VOD?

Description

Time

  • Played on: Jan. 13, 2020, 12:43 a.m.
  • Length: 32:04
Show
View Real Time Build Order
Export as new Build Order

Crocodile Zerg - Winner!

Build Orders: Pool First, Muta Ling Bane 

Get SALT Encoding   

  12  0:01  Drone  
  13  0:09  Drone  
  14  0:14  Extractor  
  14  0:15  Drone  
  14  0:32  Spawning Pool  
  13  0:36  Drone  
  14  0:44  Overlord  
  14  0:55  Extractor  
  14  0:56  Drone  
  15  1:04  Drone  
  15  1:05  Drone  
  17  1:18  Metabolic Boost  
  17  1:21  Zergling x4  
  19  1:29  Queen  
  19  1:32  Zergling x2  
  22  1:42  Overlord  
  22  2:03  Zergling x2  
  23  2:09  Hatchery  
  23  2:11  Drone  
  23  2:16  Drone  
  23  2:19  Queen  
  26  2:36  Drone x2  
  28  2:38  Drone x2  
  28  2:41  Overlord  
  30  2:55  Lair  
  30  2:59  Extractor  
  30  3:05  Drone x2  
  31  3:11  Overlord  
  31  3:35  Zergling x10  
  32  3:50  Zergling x6  
  35  3:58  Hatchery  
  35  4:00  Drone x3  
  37  4:16  Drone x3  
  40  4:40  Drone x5  
  44  4:58  Overlord  
  44  5:02  Queen  
  44  5:04  Spire  
  44  5:14  Queen  
  44  5:15  Overlord  
  46  5:38  Hatchery  
  45  5:43  Spore Crawler  
  45  5:45  Spore Crawler  
  43  5:52  Pneumatized Carapace  
  43  5:56  Drone x5  
  43  5:57  Drone x2  
  50  6:06  Overlord x2  
  50  6:17  Overlord  
  50  6:22  Queen  
  52  6:37  Mutalisk x4  
  60  6:45  Mutalisk x3  
  66  6:49  Zerg Flyer Weapons Level 1  
  66  7:05  Mutalisk  
  66  7:07  Drone x6  
  74  7:09  Extractor  
  73  7:16  Drone  
  73  7:17  Drone x2  
  73  7:19  Baneling Nest  
  75  7:24  Evolution Chamber  
  74  7:40  Mutalisk x2  
  74  7:44  Drone x4  
  81  7:45  Overlord x2  
  81  7:46  Overlord, Extractor x2  
  80  7:56  Overlord  
  80  8:09  Drone  
  80  8:10  Drone x7  
  88  8:17  Hatchery  
  88  8:18  Mutalisk x2  
  89  8:33  Mutalisk x3  
  93  8:35  Overlord  
  83  8:56  Mutalisk x2  
  83  8:57  Mutalisk  
  83  8:59  Overlord  
  87  9:03  Centrifical Hooks  
  87  9:08  Evolution Chamber  
  86  9:17  Roach Warren  
  86  9:26  Hydralisk Den  
  85  9:31  Drone x2  
  85  9:32  Drone x14  
  85  9:36  Zerg Missile Weapons Level 1  
  85  9:37  Zerg Ground Armor Level 1  
  101  9:40  Extractor  
  101  9:44  Extractor  
  98  9:58  Hydralisk x4  
  98  9:59  Hydralisk x3  
  104  10:07  Spore Crawler  
  104  10:08  Spore Crawler  
  100  10:20  Hydralisk  
  102  10:23  Hydralisk x4, Muscular Augments  
  102  10:24  Hydralisk  
  112  10:32  Drone x5  
  110  10:44  Drone x5  
  110  10:45  Drone  
  106  10:51  Hydralisk x3  
  100  10:58  Hydralisk x2  
  100  11:02  Hydralisk  
  94  11:08  Queen  
  85  11:19  Hydralisk x2  
  85  11:20  Hydralisk x3  
  92  11:31  Hydralisk x4  
  92  11:32  Hydralisk  
  88  11:38  Spore Crawler  
  85  11:46  Queen x3  
  91  11:51  Hydralisk x2  
  95  11:55  Hydralisk  
  95  11:56  Hydralisk  
  97  12:05  Hydralisk x3  
  97  12:06  Hydralisk  
  105  12:09  Hydralisk  
  106  12:15  Hydralisk x2  
  106  12:17  Hydralisk  
  106  12:20  Hydralisk  
  106  12:24  Drone x2  
  106  12:26  Drone  
  106  12:30  Hydralisk  
  108  12:37  Drone x5  
  113  12:50  Queen x2  
  117  12:53  Drone x2  
  117  12:54  Drone x2  
  119  12:59  Grooved Spines  
  114  13:06  Overlord x3  
  106  13:25  Overlord x4  
  106  13:31  Queen x2  
  110  13:36  Zerg Missile Weapons Level 2  
  109  13:41  Overseer  
  101  13:57  Hydralisk x2  
  101  13:58  Hydralisk x4  
  113  14:05  Hydralisk  
  113  14:06  Hydralisk  
  117  14:19  Overlord  
  117  14:20  Overlord x3  
  117  14:25  Drone x2  
  119  14:46  Drone x4  
  119  14:47  Drone x7  
  119  14:48  Drone x2  
  132  14:55  Hydralisk x2  
  132  14:57  Drone x2  
  130  15:09  Drone x4  
  130  15:10  Drone  
  135  15:20  Hatchery  
  127  15:46  Overlord x4  
  125  16:05  Hydralisk  
  125  16:06  Hydralisk x7  
  125  16:09  Lurker Den  
  140  16:12  Zerg Ground Armor Level 2  
  140  16:33  Hatchery  
  140  16:35  Drone  
  140  16:38  Hydralisk x4  
  148  16:50  Spore Crawler  
  148  16:51  Spore Crawler  
  148  16:53  Spore Crawler  
  145  16:55  Spore Crawler  
  145  16:56  Spore Crawler  
  145  16:59  Spore Crawler x2  
  141  17:01  Overlord  
  141  17:04  Hydralisk  
  141  17:06  Hydralisk  
  141  17:07  Hydralisk  
  131  17:23  Hatchery  
  130  17:32  Drone  
  130  17:33  Drone x3  
  130  17:36  Overseer  
  134  17:41  Drone x2  
  131  18:12  Hatchery  
  131  18:15  Drone x3  
  131  18:16  Drone  
  134  18:23  Drone x2  
  136  18:29  Drone  
  137  18:42  Drone  
  137  18:43  Drone x3  
  139  18:53  Drone x3  
  139  18:54  Drone  
  143  19:00  Infestation Pit  
  142  19:16  Drone x6  
  148  19:19  Drone  
  149  19:42  Extractor  
  149  19:43  Spore Crawler  
  147  19:48  Hatchery  
  147  19:51  Drone x3  
  101  20:14  Hydralisk  
  101  20:15  Hydralisk x5  
  101  20:16  Hydralisk  
  101  20:20  Hydralisk  
  73  20:24  Drone  
  74  20:30  Hydralisk x2  
  74  20:31  Hydralisk  
  74  20:35  Hydralisk  
  80  20:41  Hydralisk x2  
  86  20:46  Hydralisk  
  88  20:50  Hydralisk  
  88  20:53  Drone x2  
  92  20:58  Hydralisk x2  
  92  21:01  Hydralisk  
  98  21:09  Hydralisk x2  
  98  21:10  Hydralisk  
  104  21:13  Hydralisk  
  104  21:16  Hydralisk  
  108  21:20  Hydralisk  
  108  21:23  Hydralisk  
  108  21:24  Hydralisk  
  114  21:29  Hydralisk  
  114  21:30  Hydralisk  
  116  21:35  Spore Crawler  
  116  21:37  Hydralisk x2  
  111  21:47  Hydralisk x3  
  116  22:00  Hatchery  
  115  22:03  Drone  
  115  22:04  Drone  
  117  22:15  Hydralisk  
  117  22:16  Hydralisk  
  121  22:28  Hatchery  
  120  22:39  Drone x4  
  122  22:50  Drone x4  
  126  23:03  Overseer  
  126  23:07  Pathogen Glands  
  126  23:10  Infestor  
  126  23:11  Infestor  
  130  23:15  Infestor  
  130  23:19  Infestor  
  134  23:24  Infestor  
  134  23:27  Infestor  
  138  23:35  Infestor x2  
  138  23:39  Infestor  
  144  23:43  Infestor  
  146  23:48  Infestor  
  146  23:50  Infestor  
  150  23:58  Infestor x2  
  154  24:26  Hatchery  
  151  24:35  Infestor x2  
  151  24:36  Infestor x2  
  159  24:38  Overlord x2  
  159  24:39  Overlord x2  
  159  24:58  Spore Crawler x2  
  159  24:59  Hive  
  157  25:03  Hydralisk x3  
  163  25:12  Hydralisk x2  
  164  26:11  Hydralisk x2  
  164  26:13  Spore Crawler  
  164  26:14  Hatchery  
  164  26:17  Hatchery  
  165  26:51  Extractor  
  164  26:54  Extractor  
  164  26:59  Zerg Missile Weapons Level 3  
  127  27:34  Hydralisk x2  
  127  27:35  Hydralisk x2  
  127  27:36  Zergling x4  
  127  27:37  Zergling x46  
  136  27:57  Drone x3  
  136  27:58  Extractor  
  138  28:05  Roach Warren  
  137  28:15  Hydralisk x3  
  137  28:16  Hydralisk x3  
  140  28:46  Roach x10  
  140  28:47  Roach  
  162  28:54  Glial Reconstitution  
  162  28:57  Drone x3  
  162  29:00  Drone  
  166  29:04  Drone  
  166  29:05  Drone x2  
  166  29:07  Drone  
  170  29:17  Drone  
  170  29:18  Drone x4  
  175  29:52  Hatchery  
  174  29:59  Ravager x6  
  184  30:00  Ravager x5  
  185  30:08  Drone x5  
  185  30:09  Drone x3  
  193  30:20  Hatchery  
  192  31:04  Extractor  
  185  31:27  Extractor  
  185  31:29  Extractor  
  154  31:38  Roach  
  154  31:39  Roach x17  
  184  31:40  Roach x14  
Show
View Real Time Build Order
Export as new Build Order

OldGreg Protoss 

Build Orders:  

Get SALT Encoding   

  12  0:01  Probe  
  13  0:13  Probe  
  14  0:39  Probe (Chrono Boost)  
  15  0:44  Pylon  
  15  1:02  Probe  
  16  1:06  Forge  
  16  1:07  Gateway  
  16  1:10  Pylon  
  16  1:17  Probe (Chrono Boost)  
  17  1:27  Probe (Chrono Boost)  
  17  1:32  Probe (Chrono Boost)  
  19  1:43  Probe  
  19  1:44  Photon Cannon  
  19  2:02  Assimilator  
  19  2:06  Assimilator  
  19  2:10  Probe  
  19  2:14  Cybernetics Core  
  20  2:20  Nexus  
  21  2:22  Probe (Chrono Boost)  
  21  2:25  Pylon  
  21  2:35  Probe (Chrono Boost)  
  22  2:44  Photon Cannon  
  22  2:47  Probe  
  23  2:59  Probe  
  24  3:07  Photon Cannon  
  24  3:11  Probe  
  25  3:16  Photon Cannon  
  25  3:24  Pylon  
  25  3:32  Photon Cannon  
  25  3:38  Probe  
  26  3:42  Probe  
  27  3:50  Probe  
  28  4:00  Photon Cannon  
  28  4:01  Pylon  
  28  4:05  Gateway  
  28  4:11  Photon Cannon  
  28  4:16  Photon Cannon  
  28  4:34  Stargate  
  27  4:48  Photon Cannon  
  27  4:54  Stargate  
  27  4:55  Photon Cannon  
  27  5:14  Stalker  
  27  5:19  Void Ray (Chrono Boost)  
  33  5:35  Probe  
  34  5:38  Pylon  
  34  5:43  Assimilator  
  34  5:45  Assimilator  
  34  5:47  Void Ray (Chrono Boost)  
  38  6:06  Probe  
  39  6:18  Shield Battery, Probe  
  40  6:21  Probe  
  41  6:30  Pylon, Probe  
  42  6:33  Probe  
  42  6:41  Oracle x2  
  42  6:43  Probe (Chrono Boost)  
  49  6:51  Probe (Chrono Boost)  
  50  6:55  Pylon  
  50  6:57  Probe (Chrono Boost)  
  52  7:02  Probe (Chrono Boost)  
  52  7:03  Zealot  
  52  7:06  Probe (Chrono Boost)  
  56  7:11  Probe (Chrono Boost)  
  56  7:14  Probe (Chrono Boost)  
  57  7:21  Probe (Chrono Boost)  
  58  7:30  Probe  
  59  7:38  Phoenix (Chrono Boost)  
  59  7:42  Probe  
  64  7:46  Phoenix (Chrono Boost)  
  64  7:47  Photon Cannon  
  64  7:50  Photon Cannon  
  58  7:54  Probe  
  58  7:55  Phoenix (Chrono Boost)  
  61  8:02  Stargate, Probe  
  61  8:04  Phoenix  
  64  8:06  Probe  
  65  8:12  Photon Cannon  
  65  8:15  Photon Cannon  
  60  8:56  Phoenix (Chrono Boost)  
  60  9:01  Phoenix x2 (Chrono Boost)  
  66  9:03  Probe  
  67  9:15  Probe  
  68  9:18  Phoenix (Chrono Boost)  
  68  9:23  Probe  
  71  9:25  Phoenix x2 (Chrono Boost)  
  71  9:27  Probe  
  76  9:36  Phoenix  
  76  9:37  Pylon  
  76  9:38  Pylon  
  78  9:39  Probe  
  79  9:50  Phoenix x2  
  83  10:01  Phoenix  
  85  10:15  Phoenix x2  
  89  10:26  Probe, Phoenix  
  92  10:30  Pylon  
  92  10:33  Pylon  
  92  10:37  Pylon  
  92  10:40  Phoenix x2  
  94  10:51  Phoenix  
  90  11:05  Phoenix x2  
  94  11:16  Phoenix  
  94  11:42  Void Ray  
  94  11:43  Void Ray x2  
  104  11:51  Nexus  
  104  11:52  Pylon  
  100  12:25  Void Ray x2  
  100  12:26  Void Ray  
  112  12:34  Pylon  
  112  12:36  Pylon  
  112  12:39  Photon Cannon  
  112  12:40  Photon Cannon  
  112  12:42  Photon Cannon  
  112  12:43  Photon Cannon  
  112  12:50  Pylon  
  112  12:52  Assimilator  
  112  12:54  Assimilator  
  118  13:25  Oracle x3  
  119  13:30  Stargate  
  119  13:33  Stargate  
  115  14:02  Oracle  
  118  14:24  Oracle x3  
  118  14:25  Oracle  
  118  14:30  Probe  
  131  14:39  Oracle  
  131  14:42  Probe  
  135  14:46  Pylon  
  135  14:49  Pylon  
  135  14:54  Probe  
  136  15:01  Oracle  
  136  15:06  Probe  
  134  15:18  Probe  
  135  15:23  Oracle x4  
  147  15:38  Oracle  
  142  16:06  Oracle x3  
  151  16:15  Oracle  
  154  16:21  Oracle  
  154  16:50  Oracle x3  
  156  17:24  Void Ray (Chrono Boost)  
  156  17:25  Void Ray (Chrono Boost)  
  164  17:56  Oracle x2 (Chrono Boost)  
  170  18:16  Pylon  
  170  18:17  Pylon  
  170  18:18  Pylon  
  170  18:19  Gateway  
  170  18:21  Gateway  
  170  18:23  Gateway  
  170  18:27  Gateway  
  170  18:29  Gateway  
  170  18:34  Twilight Council  
  164  19:29  Stalker  
  164  19:30  Stalker x4  
  174  19:49  Nexus  
  174  19:51  Pylon  
  174  19:52  Pylon  
  174  19:59  Stalker x2  
  176  20:00  Stalker x3  
  108  20:29  Stalker  
  110  20:44  Pylon  
  110  20:46  Photon Cannon, Pylon  
  110  20:48  Photon Cannon  
  110  20:49  Photon Cannon  
  110  20:51  Photon Cannon  
  110  20:52  Photon Cannon  
  110  20:55  Assimilator  
  110  20:59  Stalker, Assimilator  
  110  21:00  Stalker x3  
  118  21:13  Photon Cannon  
  118  21:14  Photon Cannon  
  118  21:16  Photon Cannon  
  103  22:19  Stalker  
  103  22:20  Stalker x3  
  111  22:30  Templar Archives, Probe  
  111  22:36  Probe  
  113  22:42  Probe  
  111  22:48  Probe  
  112  22:54  Probe  
  112  22:57  Oracle x4  
  112  22:58  Oracle  
  128  23:00  Probe  
  129  23:07  Probe  
  129  23:12  Probe  
  131  23:25  High Templar  
  133  23:35  Probe x2  
  135  23:42  Psionic Storm  
  135  23:47  Probe  
  135  23:48  Probe  
  137  23:54  Probe  
  138  23:59  Probe  
  138  24:00  Probe  
  140  24:06  Probe  
  141  24:12  Probe x2  
  131  24:37  High Templar x3  
  119  25:06  High Templar x2  
  120  25:19  High Templar  
  105  25:57  Probe  
  105  26:00  Stalker  
  105  26:01  Stalker x3  
  105  26:03  Stalker  
  116  26:08  Robotics Facility  
  116  26:09  Probe  
  117  26:12  Pylon  
  117  26:15  Pylon  
  117  26:30  Stalker  
  116  26:38  Stalker x3  
  116  26:39  Stalker  
  120  26:55  Observer  
  120  27:00  Stalker  
  123  27:04  Gateway  
  123  27:06  Gateway  
  123  27:08  Stalker x3  
  123  27:09  Stalker  
  123  27:10  Gateway  
  78  27:43  High Templar (Chrono Boost)  
  84  27:44  High Templar x2 (Chrono Boost)  
  84  27:51  High Templar (Chrono Boost)  
  84  27:57  Nexus  
  84  28:00  Pylon  
  84  28:06  High Templar (Chrono Boost)  
  86  28:17  Pylon  
  86  28:18  Photon Cannon  
  86  28:20  Photon Cannon  
  86  28:22  Photon Cannon  
  86  28:25  Photon Cannon  
  86  28:26  Photon Cannon  
  83  28:27  Photon Cannon  
  83  28:30  Pylon  
  78  28:47  Assimilator  
  78  28:50  High Templar x2  
  78  28:52  Assimilator  
  78  28:54  Stalker x2  
  86  28:56  Zealot x3  
  86  28:59  Zealot x2  
  96  29:04  Photon Cannon  
  96  29:05  Photon Cannon  
  96  29:06  Photon Cannon  
  96  29:09  Probe  
  97  29:12  Pylon  
  97  29:16  Stalker  
  99  29:21  Probe  
  99  29:23  Zealot x3  
  99  29:24  Stalker  
  108  29:26  Zealot x2  
  112  29:50  Stalker (Chrono Boost)  
  112  29:51  Stalker (Chrono Boost)  
  120  29:53  Stalker (Chrono Boost), Zealot (Chrono Boost)  
  120  29:58  Zealot (Chrono Boost)  
  122  30:03  Probe  
  122  30:06  Stalker x2 (Chrono Boost)  
  127  30:15  Probe  
  134  30:22  Zealot x2 (Chrono Boost)  
  134  30:23  Zealot (Chrono Boost)  
  134  30:27  Probe  
  133  30:40  Photon Cannon, Probe  
  134  30:45  Observer  
  135  30:52  Probe  
Tags
 
Add a new tag
Caveats
  • Supply blocks, unpowered buildings, or Contaminate may cause inaccurate times.
  • Supply counts are checked every 10 seconds.